 Dungeon Crawl Stone Soup version 0.24-a0-252-g5076262 (webtiles) character file.

Game seed: 4070401002162299015

51 Borgoz the Cutter (level 3, 0/22 HPs)
             Began as a Gargoyle Gladiator on Apr 17, 2019.
             Killed from afar by a white imp (4 damage)
             ... with a puff of frost
             ... summoned by Natasha
             ... on level 3 of the Dungeon.
             The game lasted 00:01:19 (1490 turns).

Borgoz the Cutter (Gargoyle Gladiator)              Turns: 1490, Time: 00:01:19

Health: 0/22       AC:  7    Str: 17    XL:     3   Next: 81%
Magic:  3/3        EV: 18    Int:  8    God:
Gold:   105        SH:  0    Dex: 17    Spells: 2/2 levels left

rFire    . . .     SeeInvis .   a - +0 rapier
rCold    . . .     Gourm    .   (no shield)
rNeg     + . .     Faith    .   b - +0 leather armour
rPois    ∞         Spirit   .   c - +0 helmet
rElec    +         Reflect  .   (no cloak)
rCorr    .         Harm     .   (no gloves)
MR       .....                  (no boots)
Stlth    +++.......             (no amulet)
HPRegen  0.07/turn              (no ring)
MPRegen  0.08/turn              (no ring)

@: agile
A: negative energy resistance 1, electricity resistance, unbreathing,
petrification resistance, rot immunity, AC +3
a: no special abilities


You were on level 3 of the Dungeon.
You were not hungry.

You visited 1 branch of the dungeon, and saw 3 of its levels.

You collected 105 gold pieces.

Inventory:

Hand Weapons
 a - a +0 rapier (weapon)
Missiles
 d - 2 throwing nets (quivered)
Armour
 b - a +0 leather armour (worn)
 c - a +0 helmet (worn)
Jewellery
 i - an uncursed amulet of rage {unknown}
 m - a cursed amulet of inaccuracy {unknown}
Scrolls
 e - 3 scrolls of identify {unknown}
 g - a scroll of remove curse {unknown}
 h - a scroll of random uselessness {unknown}
 k - 2 scrolls of amnesia {unknown}
 n - a scroll of teleportation {unknown}
 o - a scroll of fear {unknown}
Comestibles
 f - 2 rations


   Skills:
 + Level 2.7 Fighting
 + Level 3.0 Short Blades
 - Level 1.7 Throwing
 + Level 1.4 Armour
 + Level 2.7 Dodging
 + Level 1.4 Stealth


You had 2 spell levels left.
You didn't know any spells.
Your spell library was empty.

Dungeon Overview and Level Annotations

Branches:
Dungeon (3/15)

Altars:

Annotations:
D:3 Natasha


Innate Abilities, Weirdness & Mutations

You are resistant to torment.
Your stone body is resilient. (AC +3)
You are immune to poison.
You resist negative energy. (rN+)
You are resistant to electric shocks. (rElec)
You can survive without breathing.
You are immune to petrification.
You are immune to rotting.


Message History

Natasha is almost dead.
The white imp closely misses you.
Natasha drinks a potion.
Natasha is healed!
You hit Natasha.
Natasha is lightly wounded.
The white imp gestures at you. The puff of frost hits you. Natasha claws you.
You are too injured to fight recklessly!
You are too injured to fight recklessly!
It was a potion of agility.
You feel agile all of a sudden. The white imp closely misses you.
Natasha claws you.
* * * LOW HITPOINT WARNING * * *
Throwing (i - inventory)
d - 3 throwing nets (quivered)
Press: ? - help, Shift-Dir - straight line, f - Natasha
Aim: Natasha (lightly wounded)
You throw a throwing net.
The throwing net closely misses Natasha.
The white imp gestures at you. The puff of frost hits you.
You die...

#.####.#.#.##
#.......#
.......#.#...
#.######.#
#.####.#.#....##.##
#.# ... #...[....#
#.# ..# #...%.#..#
#.# .#
#.#.#.#..####s. #.#
........<......
#.##
#.#.#.#.†##....
.... ! ....#@.# ...
..## #.....h5......
.... #.#...........
#### #..##.........
#.. .#(....... #
.#.##...... . #
#....# . ####.


You could see Natasha and a white imp.

Vanquished Creatures
  An adder (D:3)
  A worm (D:3)
  2 dart slugs (D:2)
  An orc (D:3)
  A giant cockroach (D:1)
  5 goblins
  4 hobgoblins
  3 jackals (D:3)
  2 kobolds (D:1)
  5 bats
  2 frilled lizards
  6 rats
33 creatures vanquished.

Notes
Turn   | Place    | Note
-------+----------+-------------------------------------------
     0 | D:1      | Borgoz the Gargoyle Gladiator began the quest for the Orb.
     0 | D:1      | Reached XP level 1. HP: 12/12 MP: 1/1
   181 | D:1      | Reached XP level 2. HP: 16/18 MP: 2/2
   891 | D:2      | Reached skill level 1 in Armour
   893 | D:2      | Reached skill level 1 in Stealth
  1060 | D:2      | Reached XP level 3. HP: 20/22 MP: 3/3
  1408 | D:3      | Reached skill level 3 in Short Blades
  1480 | D:3      | Noticed Natasha
  1490 | D:3      | Killed from afar by a white imp

Levels and vault maps discovered:
D:1:      dpeg_arrival_rooms_a, layout_basic
D:2:      layout_loops_ring
D:3:      layout_loops_ring, fedhas_altar_3, gammafunk_temple_overflow_pools,
          serial_glass, glass_columns_c, glass_columns_a,
          minmay_misc_feat_secret_circle, uniq_ijyb, uniq_natasha

Skill      XL: |  1  2  3 |
---------------+----------+-----
Armour         | 1 |  1.4
Stealth        | 1 |  1.4
Short Blades   | 3 |  3.0
Fighting       | |  2.7
Throwing       | |  1.7
Dodging        | |  2.7

Action                   || total
-------------------------++-------
Melee: Rapier            ||    89
Throw: Throwing net      ||     1
  Use: Potion            ||     1
  Eat: Chunk             ||     2
Armor: Leather armour    ||    35
Dodge: Dodged            ||    71

Table legend:
 A = Non-vault XP
 B = Vault XP
 C = Vault XP percentage of total XP
 D = Non-vault monster count
 E = Vault monster count
 F = Vault count percentage of total count
                 A         B        C        D         E       F
            +---------+---------+-------+---------+---------+-------
      Total |      73 |       0 |   0.0 |      33 |       0 |   0.0
            +---------+---------+-------+---------+---------+-------
        D:1 |      19 |       0 |   0.0 |      13 |       0 |   0.0
        D:2 |      19 |       0 |   0.0 |       9 |       0 |   0.0
        D:3 |      35 |       0 |   0.0 |      11 |       0 |   0.0
            +---------+---------+-------+---------+---------+-------
